 Seeded DCSS version 0.29.1-15-g9cfb28693d (webtiles) character file.

Game seed: 17936887422911195022 (custom seed)

18958 Psyclone the Thaumaturge (level 12, -5/73 HPs)
             Began as a Deep Elf Conjurer on Sept 22, 2023.
             Was an Initiate of Ashenzari.
             Killed from afar by a rime drake (22 damage)
             ... with a flash freeze
             ... on level 2 of the Lair of Beasts.
             The game lasted 00:38:55 (16277 turns).

Psyclone the Thaumaturge (Deep Elf Conjurer)       Turns: 16277, Time: 00:38:56

Health: -5/73      AC: 13    Str:  2    XL:     12   Next: 32%
Magic:  7/30       EV: 14    Int: 39    God:    Ashenzari [......]
Gold:   709        SH:  0    Dex: 11    Spells: 23/36 levels left

rFire   . . .      SeeInvis .   f - +6 dagger (venom)
rCold   + + +      Faith    .   (no shield)
rNeg    . . .      Spirit   .   P - +0 steam dragon scales
rPois   .          Reflect  .   y - +2 helmet
rElec   .          Harm     .   h - +0 cloak
rCorr   .          Rampage  .   (no gloves)
Will    +....                   (no boots)
Stlth   ++........              (no amulet)
HPRegen 0.22/turn               i - ring of Xoifex {rC+++ AC+4 Str-2 Int+10 Dex-2}
MPRegen 0.22/turn               j - ring of wizardry

@: no status effects
A: no striking features
a: Renounce Religion, Curse Item


You were on level 2 of the Lair of Beasts.
You worshipped Ashenzari.
Ashenzari was noncommittal.
You visited 3 branches of the dungeon, and saw 14 of its levels.
You also visited: Ossuary.

You collected 779 gold pieces.
You spent 70 gold pieces at shops.

Inventory:

Hand Weapons
 c - a +2 dagger of holy wrath
 f - a +6 dagger of venom (weapon)
Armour
 h - a +0 cloak (worn)
 y - a +2 helmet (worn)
 J - a +2 robe
 P - +0 steam dragon scales (worn)
Jewellery
 i - the ring of Xoifex (left hand) {rC+++ AC+4 Str-2 Int+10 Dex-2}
   (You found it on level 3 of the Dungeon)

   [ring of protection]

   AC:        It affects your AC (+4).
   Str:       It affects your strength (-2).
   Int:       It affects your intelligence (+10).
   Dex:       It affects your dexterity (-2).
   rC:        It renders you almost immune to cold.
 j - a ring of wizardry (right hand)
 n - a ring of protection from cold
 I - a ring of protection from cold
 M - a +4 ring of slaying
Wands
 a - a wand of mindburst (23)
 K - a wand of polymorph (6)
 L - a wand of paralysis (2)
 O - a wand of iceblast (14)
 Q - a wand of light (6)
Scrolls
 e - 3 scrolls of blinking {unknown}
 g - 12 scrolls of identify {@r1}
 k - a scroll of torment {unknown}
 l - 5 scrolls of butterflies {unknown}
 m - 2 scrolls of fear {unknown}
 r - 5 scrolls of teleportation
 u - a scroll of summoning {unknown}
 v - 2 scrolls of magic mapping {unknown}
 w - 3 scrolls of amnesia {unknown}
 z - 2 scrolls of silence {unknown}
 B - 2 scrolls of noise {unknown}
 F - a scroll of enchant armour {unknown}
 G - 2 scrolls of vulnerability {unknown}
Potions
 b - 3 potions of magic
 d - 3 potions of flight
 o - 2 potions of berserk rage {unknown}
 p - 5 potions of haste
 q - 3 potions of heal wounds {unknown}
 s - 2 potions of might {unknown}
 t - 6 potions of curing
 x - a potion of invisibility {unknown}
 A - a potion of mutation {unknown}
 C - a potion of ambrosia {unknown}
 D - 2 potions of cancellation {unknown}
 E - 3 potions of brilliance {unknown}
 H - a potion of lignification {unknown}
 N - 2 potions of degeneration {unknown}
 R - a potion of attraction {unknown}


   Skills:
 - Level 8.0 Fighting
 - Level 8.0 Dodging
 - Level 2.4 Stealth
 + Level 12.9 Spellcasting
 + Level 11.5 Conjurations
 - Level 6.0 Hexes
 - Level 6.0 Transmutations
 - Level 8.0 Fire Magic


You had 23 spell levels left.
You knew the following spells:

 Your Spells              Type           Power      Damage    Failure   Level
a - Magic Dart            Conj           100%       1d8       0%          1
b - Searing Ray           Conj           100%       2d8       0%          2
c - Conjure Flame         Conj/Fire      80%        6-21      1%          3
d - Fulminant Prism       Conj/Hex       38%        3d18      1%          4
s - Ignite Poison         Fire/Tmut/Pois 57%        N/A       1%          3

Your spell library contained the following spells:

 Spells                   Type           Power      Damage    Failure   Level
 Apportation              Tloc           50%        N/A       1%          1
 Summon Small Mammal      Summ           100%       N/A       1%          1
 Call Canine Familiar     Summ           25%        N/A       1%          3
 Dazzling Flash           Conj/Hex       100%       N/A       1%          3
 Ozocubu's Armour         Ice            25%        N/A       1%          3
 Summon Guardian Golem    Hex/Summ       48%        N/A       1%          3
 Iskenderun's Mystic Bla  Conj/Tloc      63%        2d13      1%          4
 Sticky Flame             Conj/Fire      80%        2d9       1%          4
 Silence                  Hex/Air        24%        N/A       4%          5
 Agony                    Necr           25%        N/A       16%         5
 Ozocubu's Refrigeration  Ice            12%        4d10      99%         7


Dungeon Overview and Level Annotations

Branches:
Dungeon (11/15) Zot: 26566  Temple (1/1) D:7 Zot: 5777    Lair (2/5) D:8 Zot: 9144
    Orc (0/2) D:9         Ossuary (visited)
  Swamp: Lair:2-3    Shoals: Lair:2-3     Snake: Lair:2-3    Spider: Lair:2-3

Altars:
Ashenzari
Cheibriados
Dithmenos
Elyvilon
Fedhas
Gozag
Hepliaklqana
Kikubaaqudgha
Makhleb
Nemelex Xobeh
Okawaru
Qazlal
Ru
Sif Muna
Trog
Uskayaw
Vehumet
Wu Jian
Xom
Yredelemnul
Zin
The Shining One

Shops:
D:5 !*=

Annotations:
D:7 2 runed translucent doors, exclusion: orange crystal statue
D:10 exclusion: downstairs
D:11 Lodul
Lair:1 exclusions: downstairs and 1 more exclusion


Message History

You take 3 damage, and have 30/73 hp.
You hit the rime drake.
The rime drake is poisoned.
The rime drake is lightly wounded.
The rime drake bites you but does no damage.
Casting: Fulminant Prism (safe; 1% risk of failure)
Confirm with . or Enter, or press ? or * to list all spells.
You ignite the poison in your surroundings!
The rime drake seems to burn from within!!
The rime drake is almost dead.
The ice encasing you melts away. The rime drake breathes ice at you.
The flash freeze hits you. You partially resist.
You are encased in ice.
You take 6 damage, and have 25/73 hp.
You now have 10/30 mp.
You closely miss the rime drake.
The rime drake is almost dead.
The rime drake bites you.
* * * LOW HITPOINT WARNING * * *
You take 6 damage, and have 19/73 hp.
Casting: Ignite Poison (safe; 1% risk of failure)
Confirm with . or Enter, or press ? or * to list all spells.
Aiming: Fulminant Prism (safe; 1% risk of failure)
Press: ? - help, Dir - move target You conjure a prism of explosive energy!
A fulminant prism comes into view.
The ice encasing you melts away. The rime drake breathes ice at you.
The flash freeze hits you. You partially resist.
* * * LOW HITPOINT WARNING * * *
You are encased in ice.
The rime drake bites you but does no damage. x2
You take 2 damage, and have 17/73 hp.
You now have 7/30 mp.
The rime drake attacks as you move away!
The rime drake bites you but does no damage.
Your fulminant prism crackles loudly.
There is a dry fountain here.
The ice encasing you melts away. The rime drake breathes ice at you.
The flash freeze hits you!! You partially resist.
You die...

......>.. ...
......... ... .
......#.#+#.#.....
............#[..).
#.#...........
#....##.#...#
#..##...#..##.
##.............
#...#@....#...##
#.....⌠.⌠.#.....
#.....kk...#
+.....*<[..#
#.....÷†÷..#
#..##.⌠.⌠.##.. ##.
#....†...# .....#
#........[..#
.....
#.#.#....##.#..


You could see 2 rime drakes and a friendly fulminant prism.

Vanquished Creatures
  A hydra (Lair:2)
  Amaemon (D:10)
  Pikel (D:7)
  An elephant (Lair:1)
  A black mamba (Lair:1)
  Maggie (D:10)
  A cane toad (Lair:1)
  An orange demon (D:10)
  5 rime drakes (Lair:2)
  2 trolls
  2 polar bears
  Prince Ribbit (D:6)
  7 blink frogs
  Sigmund (D:6)
  A wraith (D:9)
  3 wyverns
  29 yaks
  A basilisk (D:8)
  8 steam dragons
  Menkaure (D:5)
  8 water moccasins
  2 orc warriors (D:9)
  A sky beast (D:7)
  4 black bears
  2 ogres
  7 centaurs
  10 wolves
  3 lemures (D:7)
  A kobold brigand (D:6)
  2 phantoms
  10 bullfrogs
  2 necrophages
  7 scorpions
  5 wights (D:6)
  8 killer bees
  An electric eel (Lair:1)
  4 hounds
  2 gnoll boudas (D:5)
  Crazy Yiuf (D:7)
  2 orc priests (D:9)
  A jelly (D:5)
  6 iguanas
  5 orc wizards
  8 mummies (Ossuary)
  6 adders
  10 gnolls (D:5)
  2 white imps
  2 ufetubi
  2 worms
  A dart slug (D:4)
  34 orcs
  6 endoplasms
  7 giant cockroaches
  3 gnoll zombies (Ossuary)
  8 goblins
  6 hobgoblins
  3 jackals (D:4)
  3 quokkas
  7 ball pythons
  3 bats
  4 frilled lizards
  3 hobgoblin zombies (Ossuary)
  6 kobolds
  2 orc zombies (Ossuary)
  9 rats
298 creatures vanquished.

Vanquished Creatures (others)
  71 fulminant prisms
  9 fungi
  27 plants
107 creatures vanquished.

Grand Total: 405 creatures vanquished

Notes
Turn   | Place    | Note
-------+----------+-------------------------------------------
     0 | D:1      | Psyclone the Deep Elf Conjurer began the quest for the Orb.
     0 | D:1      | Reached XP level 1. HP: 10/10 MP: 6/6
   427 | D:1      | Reached XP level 2. HP: 15/15 MP: 4/8
   565 | D:1      | Learned a level 2 spell: Searing Ray
  1279 | D:1      | Found a faded altar of an unknown god.
  1345 | D:2      | Reached skill level 4 in Spellcasting
  1345 | D:2      | Reached skill level 5 in Conjurations
  1345 | D:2      | Reached XP level 3. HP: 19/19 MP: 3/10
  2246 | D:3      | Found an ornate altar of the Wu Jian Council.
  2290 | D:3      | Identified the ring of Xoifex {rC+++ AC+4 Str-2 Int+10
                  | Dex-2}
  2397 | D:3      | Reached XP level 4. HP: 24/24 MP: 6/12
  2865 | D:3      | Reached skill level 5 in Spellcasting
  3349 | D:4      | Noticed a black bear
  3358 | D:4      | Killed a black bear
  3359 | D:4      | Reached XP level 5. HP: 28/28 MP: 9/15
  3495 | D:4      | Reached skill level 6 in Spellcasting
  3751 | D:4      | Noticed a black bear
  3759 | D:4      | Killed a black bear
  3760 | D:4      | Reached XP level 6. HP: 32/32 MP: 9/17
  4136 | D:4      | Found a glowing golden altar of the Shining One.
  4213 | D:4      | Reached skill level 7 in Spellcasting
  4392 | D:4      | Found a bloodstained altar of Trog.
  4507 | D:4      | Found a white marble altar of Elyvilon.
  4729 | D:5      | Entered Level 5 of the Dungeon
  4734 | D:5      | Reached XP level 7. HP: 36/36 MP: 14/20
  4977 | D:5      | Found Fazieteh's Distillery.
  5006 | D:5      | Noticed Menkaure
  5009 | D:5      | Killed Menkaure
  5010 | D:5      | Reached skill level 8 in Spellcasting
  5240 | D:5      | Reached skill level 9 in Spellcasting
  5246 | D:5      | Reached XP level 8. HP: 41/41 MP: 8/23
  5337 | D:5      | Found Ifiorph's General Store.
  5345 | D:5      | Bought a potion of curing for 42 gold pieces
  5345 | D:5      | Bought a scroll of identify for 28 gold pieces
  5653 | D:5      | Identified the +1 scale mail "Lemosih" {rElec rF+ rC-
                  | rCorr}
  5987 | D:5      | Found Xycsolle's Jewellery Shoppe.
  6205 | D:5      | Learned a level 4 spell: Fulminant Prism
  6343 | D:6      | Noticed Prince Ribbit
  6362 | D:6      | Killed Prince Ribbit
  6363 | D:6      | Reached skill level 10 in Spellcasting
  6415 | D:6      | Noticed Sigmund
  6420 | D:6      | Killed Sigmund
  6454 | D:6      | Reached skill level 10 in Conjurations
  6490 | D:6      | Reached skill level 11 in Spellcasting
  6491 | D:6      | Found a sand-covered staircase.
  6542 | Ossuary  | Entered an ossuary
  6687 | Ossuary  | Reached XP level 9. HP: 45/45 MP: 21/26
  7117 | D:6      | Found a burning altar of Makhleb.
  7721 | D:6      | Reached skill level 1 in Hexes
  7822 | D:6      | Reached skill level 1 in Fighting
  8356 | D:7      | Found a staircase to the Ecumenical Temple.
  8362 | Temple   | Entered the Ecumenical Temple
  8565 | Temple   | Became a worshipper of Ashenzari the Shackled
  8749 | D:7      | Found a runed translucent door.
  8750 | D:7      | Noticed Crazy Yiuf
  8756 | D:7      | Killed Crazy Yiuf
  8757 | D:7      | Reached skill level 5 in Hexes
  8811 | D:7      | Found a sacrificial altar of Ru.
  8930 | D:7      | Found a runed translucent door.
  8940 | D:7      | Found the +10 tower shield of Ignorance {rN+ Int-4}
  8946 | D:7      | Found a runed translucent door.
  8947 | D:7      | Noticed an orange crystal statue
  9287 | D:7      | Noticed Pikel
  9296 | D:7      | Killed Pikel
  9297 | D:7      | Reached skill level 5 in Dodging
  9473 | D:8      | Reached XP level 10. HP: 56/56 MP: 16/27
  9855 | D:8      | Found a hide-covered altar of Uskayaw.
 10017 | D:8      | Reached skill level 5 in Fighting
 10145 | D:8      | Learned a level 3 spell: Ignite Poison
 10257 | D:8      | Found a staircase to the Lair.
 10384 | D:8      | Identified the +5 sling "Owobeimm" {speed, Dex+3}
 10947 | D:9      | Found a staircase to the Orcish Mines.
 11094 | D:9      | Found a shimmering altar of Xom.
 11242 | D:9      | Reached XP level 11. HP: 50/67 MP: 13/28
 11739 | D:9      | Found a blossoming altar of Fedhas.
 11929 | D:10     | Entered Level 10 of the Dungeon
 12255 | D:10     | Noticed Maggie
 12267 | D:10     | Killed Maggie
 12268 | D:10     | Reached skill level 1 in Transmutations
 12268 | D:10     | Reached skill level 1 in Fire Magic
 12386 | D:10     | Noticed Amaemon
 12394 | D:10     | Killed Amaemon
 12592 | D:10     | Found a shimmering blue altar of Sif Muna.
 12774 | D:10     | Got Sif Muna's Enchiridion on Superposition
 12788 | D:10     | Learned a level 3 spell: Conjure Flame
 13122 | D:11     | Noticed Lodul
 13450 | Lair:1   | Entered Level 1 of the Lair of Beasts
 13736 | Lair:1   | Reached skill level 5 in Transmutations
 13736 | Lair:1   | Reached skill level 5 in Fire Magic
 14884 | Lair:2   | Noticed an eight-headed hydra
 14933 | Lair:1   | HP: 1/68 [poisoned by a black mamba]
 15529 | Lair:2   | Killed an eight-headed hydra
 15530 | Lair:2   | Reached XP level 12. HP: 73/73 MP: 2/29
 15659 | Lair:2   | Noticed a seven-headed hydra
 15938 | Lair:1   | Reached skill level 12 in Spellcasting
 16277 | Lair:2   | Killed from afar by a rime drake

Illustrated notes

Levels and vault maps discovered:
D:1:      amcnicky_arrival_double_pillar, layout_loops_corners,
          hellmonk_ecumenical_altar_inner_sanctum
D:2:      layout_basic, hangedman_decor_clover_reticule,
          kennysheep_generic_room_12
D:3:      layout_basic, nicolae_wu_jian_wuxing_cycle
D:4:      layout_loops_cross, trog_butcher_becter, lemuel_tele_altar,
          nicolae_elyvilon_temple_path
D:5:      layout_loops_corners, serial_shops, nicolae_shop_advertising_works
          [nicolae_subvault_shop_adworks], shop, kennysheep_mini, uniq_menkaure
D:6:      layout_loops_cross, makhleb_blood_cavern_becter, enter_ossuary_5,
          uniq_sigmund, uniq_prince_ribbit1
D:7:      layout_gridville, nicolae_ru_path_of_blood, minmay_temple_entry_hall,
          chequers_guarded_unrand_ignorance, uniq_pikel, uniq_crazy_yiuf_cottage
D:8:      layout_basic, nicolae_overflow_crystal_walls, minmay_lair_entry_grove
D:9:      layout_cave_pools, fedhas_altar_fruit_tree, xom_butterflies,
          minmay_orc_entry_temple_small
D:10:     layout_stronghold, led_sif_book, chequers_serial_rivers_micro_d,
          uniq_maggie, uniq_amaemon
D:11:     layout_basic, nicolae_tso_swordbearing_angel, uniq_sonja, uniq_snorg,
          uniq_lodul
Temple:   nicolae_temple_slightly_damp_pantheon
Lair:1:   layout_hall_layers, serial_bayou_shore_a, infiniplex_staircase_pool_2
Lair:2:   cheibrodos_lair_river_kwai, layout_big_grid, bobbens_dragon_lair_wall,
          lemuel_fruit_tree, grunt_megastairs_2

Skill      XL: |  1  2  3  4  5  6  7  8  9 10 11 12 |
---------------+-------------------------------------+-----
Spellcasting   | 4 5 6 7 9 11 12 | 12.9
Conjurations   | 5 6 7 8 10 11 | 11.5
Hexes          | 6 |  6.0
Fighting       | 3 7 8 |  8.0
Dodging        | 6 8 |  8.0
Transmutations | 6 |  6.0
Fire Magic     | 8 |  8.0
Stealth        | |  2.4

Action                   |  1- 3 |  4- 6 |  7- 9 | 10-12 || total
-------------------------+-------+-------+-------+-------++-------
Melee: Dagger            |       |       |    31 |    69 ||   100
       Punch             |       |       |     1 |     1 ||     2
 Cast: Magic Dart        |    80 |    86 |   102 |    88 ||   356
       Searing Ray       |       |     8 |    52 |    40 ||   100
       Fulminant Prism   |       |       |     9 |    63 ||    72
       Ignite Poison     |       |       |       |    14 ||    14
  Use: Scroll            |       |       |       |     3 ||     3
       Potion            |       |       |       |     3 ||     3
 Stab: Distracted        |       |       |       |     1 ||     1
Armor: Robe              |     1 |     6 |    32 |    26 ||    65
       Steam dragon scal |       |       |       |    66 ||    66
Dodge: Dodged            |     9 |     7 |    41 |   165 ||   222
